 Dungeon Crawl Stone Soup version 0.23-a0-644-gb60d84b (webtiles) character file.

42 Borgoz the Ruffian (level 3, 0/29 HPs)
             Began as a Ghoul Gladiator on Jan 1, 2019.
             Slain by a gnoll
             ... wielding a +0 halberd
              (12 damage)
             ... on level 3 of the Dungeon.
             The game lasted 00:02:06 (989 turns).

Borgoz the Ruffian (Ghoul Gladiator)                 Turns: 989, Time: 00:02:07

Health: 0/29       AC:  8    Str: 22    XL:     3   Next: 54%
Magic:  2/2        EV: 12    Int:  3    God:
Gold:   81         SH:  0    Dex: 11    Spells: 2/2 levels left

rFire    + . .     SeeInvis .     - Unarmed
rCold    + + .     Gourm    .   (no shield)
rNeg     + + +     Faith    .   j - +0 ring mail
rPois    ∞         Spirit   .   h - +2 helmet
rElec    +         Reflect  .   (no cloak)
rCorr    +         Harm     .   (no gloves)
MR       .....                  (no boots)
Stlth    +.........             (no amulet)
HPRegen  0.00/turn              (no ring)
MPRegen  0.08/turn              (no ring)

@: mighty, resistant, rotting
A: rotting body, claws 1, carnivore, cold resistance 1, negative energy
resistance 3, inhibited regeneration, torment resistance, unbreathing
a: no special abilities


You were on level 3 of the Dungeon.
You were not hungry.

You visited 1 branch of the dungeon, and saw 3 of its levels.

You collected 81 gold pieces.

Inventory:

Missiles
 c - 5 throwing nets (quivered)
Armour
 a - a +3 scale mail
 h - a +2 helmet (worn)
 j - a +0 ring mail (worn)
Wands
 k - a wand of scattershot (6)
Scrolls
 b - 2 scrolls of identify {unknown}
 e - a scroll of amnesia {unknown}
 g - a scroll of magic mapping {unknown}
 i - a scroll of enchant armour {unknown}
Comestibles
 d - 2 rations


   Skills:
 + Level 2.3 Fighting
 - Level 1.7 Throwing
 + Level 0.4 Armour
 + Level 3.0 Dodging
 + Level 4.4 Unarmed Combat


You had 2 spell levels left.
You didn't know any spells.
Your spell library was empty.

Dungeon Overview and Level Annotations

Branches:
Dungeon (3/15)

Altars:
Okawaru


Innate Abilities, Weirdness & Mutations

Your body is rotting away.
You thrive on raw meat.
You are immune to poison.
You have sharp fingernails.
You are carnivorous and can eat meat at any time.
Your flesh is cold resistant. (rC+)
You are immune to negative energy. (rN+++)
You do not regenerate when monsters are visible.
You are immune to unholy pain and torment.
You can survive without breathing.


Message History

You claw the gnoll!
The gnoll is severely wounded.
The gnoll completely misses you. The gnoll hits you but does no damage.
You mangle the gnoll!!
You kill the gnoll!
Your Dodging skill increases to level 3!
You have reached level 3!
Your experience leads to an increase in your attributes!
Your base attributes are Str 17, Int 3, Dex 10.
Increase (S)trength, (I)ntelligence, or (D)exterity?
You feel agile. The gnoll closely misses you.
You claw the gnoll!
You kill the gnoll!
You hear the slow rusting of a very distant drain.
The gnoll hits you with a +0 halberd! The kobold closely misses you.
Things that are here:
a +0 whip; a gnoll corpse; a bat corpse You barely miss the kobold.
The gnoll hits you with a +0 halberd!
You die...

#.# ##.# ##..#
####..##
########....##
.........####
#####....#
#.##..# ##
##@# ..#
##...##gK# ###
#...%..(##
.......##
.......
.......
#.....g
#......
.......


You could see a gnoll and a kobold.

Vanquished Creatures
  2 gnolls (D:3)
  A leopard gecko (D:2)
  A giant cockroach (D:1)
  4 goblins (D:1)
  2 hobgoblins (D:1)
  3 jackals (D:1)
  3 bats
  A frilled lizard (D:2)
  3 kobolds (D:1)
  2 rats
22 creatures vanquished.

Notes
Turn   | Place    | Note
-------+----------+-------------------------------------------
     0 | D:1      | Borgoz the Ghoul Gladiator began the quest for the Orb.
     0 | D:1      | Reached XP level 1. HP: 17/17 MP: 0/0
   158 | D:1      | Reached XP level 2. HP: 6/24 MP: 1/1
   438 | D:1      | Reached skill level 4 in Unarmed Combat
   589 | D:2      | Found an iron altar of Okawaru.
   986 | D:3      | Reached XP level 3. HP: 21/29 MP: 2/2
   989 | D:3      | Slain by a gnoll

Vault maps used:
D:1:      wander_arrival_lonely_grave, serial_bayou_pond_e
D:2:      marbit_many_paths, zin_purify, okawaru_ov_weapons_minmay, first_ration
D:3:      cheibrodos_sewer_entry_bend, tso_altar

Skill      XL: |  1  2 |
---------------+-------+-----
Unarmed Combat | 4 |  4.4
Dodging        | 3 |  3.0
Fighting       | |  2.3
Throwing       | |  1.7
Armour         | |  0.4

Action                   || total
-------------------------++-------
Melee: Unarmed           ||    79
  Use: Potion            ||     3
  Eat: Chunk             ||     8
Armor: Leather armour    ||    12
       Ring mail         ||    11
Dodge: Dodged            ||    60

Table legend:
 A = Non-vault XP
 B = Vault XP
 C = Vault XP percentage of total XP
 D = Non-vault monster count
 E = Vault monster count
 F = Vault count percentage of total count
                 A         B        C        D         E       F
            +---------+---------+-------+---------+---------+-------
      Total |      60 |       0 |   0.0 |      22 |       0 |   0.0
            +---------+---------+-------+---------+---------+-------
        D:1 |      24 |       0 |   0.0 |      15 |       0 |   0.0
        D:2 |       6 |       0 |   0.0 |       3 |       0 |   0.0
        D:3 |      30 |       0 |   0.0 |       4 |       0 |   0.0
            +---------+---------+-------+---------+---------+-------
